 Dungeon Crawl Stone Soup version 0.30.0-5-g1a98f26d00 (webtiles) character file.

Game seed: 2382425525048021547

46 Sobieck the Digger (level 3, -1/19 HPs)
             Began as a Gargoyle Earth Elementalist on May 8, 2023.
             Slain by a goblin
             ... wielding a +0 club
             ... led by Robin
              (4 damage)
             ... on level 2 of the Dungeon.
             The game lasted 00:05:03 (1232 turns).

Sobieck the Digger (Gargoyle Earth Elementalist)    Turns: 1232, Time: 00:05:03

Health: -1/19      AC:  5    Str: 11    XL:     3   Next: 66%
Magic:  1/7        EV: 11    Int: 17    God:
Gold:   9          SH:  0    Dex: 10    Spells: 3/7 levels left

rFire   . . .        a - +0 sling
rCold   . . .        (no shield)
rNeg    + . .        g - +0 robe
rPois   ∞            (no helmet)
rElec   +            (no cloak)
rCorr   .            (no gloves)
SInv    .            (no boots)
Will    .....        (no amulet)
Stlth   ++           (no ring)
HPRegen 0.23/turn    (no ring)
MPRegen 0.10/turn

%: no passive effects
@: brilliant
A: sickness immunity, AC +3, negative energy resistance 1, electricity
resistance, torment resistance 1, petrification resistance
a: no special abilities


You were on level 2 of the Dungeon.
You visited 1 branch of the dungeon, and saw 2 of its levels.

You collected 35 gold pieces.
You spent 26 gold pieces at shops.


Innate Abilities, Weirdness & Mutations

You are immune to sickness and miasma.
Your stone body is resilient. (AC +3)
You are immune to poison.
You resist negative energy. (rN+)
You are resistant to electric shocks. (rElec)
You are resistant to unholy torment.
You are immune to petrification.


   Skills:
 - Level 1.5 Dodging
 - Level 2.1 Stealth
 + Level 2.8 Spellcasting
 + Level 0.9 Conjurations
 - Level 0.7 Transmutations
 + Level 4.5 Earth Magic


You had 3 spell levels left.
You knew the following spells:

 Your Spells              Type           Power      Damage    Failure   Level
a - Sandblast             Erth           52%        2d12      2%          1
b - Stone Arrow           Conj/Erth      34%        3d9       17%         3

Your spell library contained the following spells:

 Spells                   Type           Power      Damage    Failure   Level
 Passwall                 Tmut/Erth      14%        N/A       9%          2
 Call Canine Familiar     Summ           3%         N/A       47%         3
 Portal Projectile        Hex/Tloc       6%         N/A       47%         3
 Petrify                  Tmut/Erth      17%        N/A       52%         4
 Leda's Liquefaction      Hex/Erth       7%         N/A       56%         4

Inventory:

Hand Weapons
 a - a +0 sling (weapon)
   (You found it on level 1 of the Dungeon)
 f - a +0 club {mace}
   (You took it off a goblin on level 1 of the Dungeon)
Missiles
 h - 10 stones {throwing}
 n - 5 silver javelins {throwing}
Armour
 g - a +0 robe (worn)
 k - a +0 robe
   (You found it on level 1 of the Dungeon)
 m - a +0 leather armour
   (You found it on level 1 of the Dungeon)
 p - a +0 leather armour
   (You found it on level 2 of the Dungeon)
 r - a +0 robe
   (You found it on level 2 of the Dungeon)
Scrolls
 i - a scroll of fog {unknown}
 j - a scroll of poison {unknown}
 l - a scroll of enchant armour {unknown}
 o - a scroll of noise {unknown}
 q - a scroll of teleportation {unknown}
Potions
 b - a potion of magic
 d - a potion of mutation {!q}

Dungeon Overview and Level Annotations

Branches:
Dungeon (2/15) Zot: 10742

Altars:

Shops:
D:1 *:[?*

Annotations:
D:2 Robin

## .# #.# ...###########.# #.#
##...........#.# #.####
...............# #<....
..###.####.#####..#####.....
#.###.# #.##...............
#.##..# #.#####..####..#.##
#.##..####.#####..# #..#.##
#.##......g@g.....# #......
#.##..####.#####..####..#.##
#.##..# #.#####........#.##
#.##.## #..................
.#####....###########..#.##....##
.......................†......)..
.#####.#..........###............
.#####.#.........................
..................##...#####.#..#


You could see Robin and a goblin (strong).


Message History

The blast of sand hits the ball python.
You kill the ball python!
Unknown command.
q - a scroll labelled AXASME TIBRUHA Unknown command.
Found a stone staircase leading down.
Unknown command.
You can't see any susceptible monsters within range! (Use Z to cast anyway.)
There is a stone staircase leading down here.
r - a +0 robe A worm comes into view.
Danger!
The blast of sand hits the worm!
The blast of sand hits the worm!
You kill the worm!
Robin is nearby!
Danger!
You shoot a sling bullet. The sling bullet closely misses Robin.
Robin shouts!
You hear a shout! x2
Robin drinks a potion.
Robin seems to speed up.
Robin roars a battlecry!
Robin roars a battlecry!
You hear a shout!
Unknown command.
Unknown command.
The blast of sand hits Robin but does no damage.
Robin barely misses you.
Robin hits you with a +1 falchion of draining. x2
Unknown command.
Casting: Sandblast (safe; 2% risk of failure)
Confirm with . or Enter, or press ? or * to list all spells.
Aiming: Sandblast (safe; 2% risk of failure)
Press: ? - help, Shift-Dir - straight line, f/p - Robin
Aim: Robin, wielding a +1 falchion of draining, wearing a +2 animal skin and wearing a +0 helmet (fast, 87% to hit)
The blast of sand hits Robin but does no damage.
Robin closely misses you.
Robin hits you with a +1 falchion of draining.
Casting: Sandblast (safe; 2% risk of failure)
Confirm with . or Enter, or press ? or * to list all spells.
Aiming: Sandblast (safe; 2% risk of failure)
Press: ? - help, Shift-Dir - straight line, f/p - Robin
Aim: Robin, wielding a +1 falchion of draining, wearing a +2 animal skin and wearing a +0 helmet (fast, 87% to hit)
The blast of sand hits Robin but does no damage.
Robin closely misses you.
Robin hits you with a +1 falchion of draining.
* * * LOW HITPOINT WARNING * * *
Okay, then.
Unknown command.
You feel better. Robin closely misses you.
Unknown command.
Casting: Sandblast (safe; 2% risk of failure)
Confirm with . or Enter, or press ? or * to list all spells.
The spell is extremely dangerous to miscast (17% risk of failure)!
Continue anyway? [Y]es or [N]o only, please.
The spell is extremely dangerous to miscast (17% risk of failure)!
Continue anyway?
Okay, then.
Unknown command.
You feel clever all of a sudden.
Robin hits you with a +1 falchion of draining.
A goblin comes into view. It is wielding a +0 club.
Robin hits you but does no damage.
Unknown command.
Casting: Stone Arrow (extremely dangerous; 17% risk of failure)
Confirm with . or Enter, or press ? or * to list all spells.
Aiming: Sandblast (safe; 2% risk of failure)
Press: ? - help, Shift-Dir - straight line, f/p - Robin
Aim: Robin, wielding a +1 falchion of draining, wearing a +2 animal skin and wearing a +0 helmet (fast, 87% to hit)
You feel a surge of power!
The blast of sand hits Robin but does no damage.
The goblin shouts!
Robin roars a battlecry!
The goblin goes into a battle-frenzy!
Robin hits you with a +1 falchion of draining.
Casting: Sandblast (safe; 2% risk of failure)
Confirm with . or Enter, or press ? or * to list all spells.
Aiming: Sandblast (safe; 2% risk of failure)
Press: ? - help, Shift-Dir - straight line, f/p - Robin
Aim: Robin, wielding a +1 falchion of draining, wearing a +2 animal skin and wearing a +0 helmet (fast, 87% to hit)
You feel a surge of power!
The blast of sand hits Robin.
Robin's horned helmet rattles.
Robin hits you with a +1 falchion of draining. x2
* * * LOW HITPOINT WARNING * * *
Casting: Sandblast (safe; 2% risk of failure)
Confirm with . or Enter, or press ? or * to list all spells.
Aiming: Sandblast (safe; 2% risk of failure)
Press: ? - help, Shift-Dir - straight line, f/p - Robin
Aim: Robin, wielding a +1 falchion of draining, wearing a +2 animal skin and wearing a +0 helmet (moderately wounded, fast, 87% to hit)
You feel a surge of power!
The blast of sand hits Robin.
Robin is no longer moving quickly.
Robin hits you with a +1 falchion of draining!
* * * LOW HITPOINT WARNING * * *
Robin barely misses you. Robin throws the goblin at you!
Casting: Sandblast (safe; 2% risk of failure)
Confirm with . or Enter, or press ? or * to list all spells.
Aiming: Sandblast (safe; 2% risk of failure)
Press: ? - help, Shift-Dir - straight line, f/p - Robin
Aim: Robin, wielding a +1 falchion of draining, wearing a +2 animal skin and wearing a +0 helmet (severely wounded, 87% to hit)
You feel a surge of power!
The blast of sand hits Robin.
The goblin hits you with a +0 club.
You die...

Skill      XL: |  1  2 |
---------------+-------+-----
Earth Magic    | 4 |  4.5
Dodging        | |  1.5
Stealth        | |  2.1
Spellcasting   | |  2.8
Conjurations   | |  0.9
Transmutations | |  0.7

Action                     || total
---------------------------++-------
   Fire: Sling             ||    22
   Cast: Sandblast         ||    32
    Use: Scroll            ||     3
         Potion            ||     2
 Armour: Robe              ||     9
  Dodge: Dodged            ||    10

Levels and vault maps discovered:
D:1:      amcnicky_arrival_gap_in_the_tavern_cellar, layout_rooms, serial_shops,
          nicolae_shop_peninsula, nicolae_lakefront_shop, shop, shop, shop,
          dreamdust_princess_corridor, nicolae_grassy_gnolls
D:2:      layout_basic, uniq_jessica, uniq_sigmund, uniq_robin

Notes
Turn   | Place    | Note
-------+----------+-------------------------------------------
     0 | D:1      | Sobieck the Gargoyle Earth Elementalist began the quest for
                  | the Orb.
     0 | D:1      | Reached XP level 1. HP: 10/10 MP: 3/3
   156 | D:1      | You pick up a book of the Hunter and begin reading...
   156 | D:1      | You add the spells Call Canine Familiar, Portal Projectile
                  | and Leda's Liquefaction to your library.
   185 | D:1      | Reached XP level 2. HP: 15/15 MP: 1/5
   236 | D:1      | Found Unimaffo's Magic Scroll Boutique.
   320 | D:1      | Reached skill level 4 in Earth Magic
   323 | D:1      | Found Feet's Assorted Antiques.
   484 | D:1      | Found Toph's Assorted Antiques.
   534 | D:1      | Reached XP level 3. HP: 19/19 MP: 4/6
   538 | D:1      | Learned a level 3 spell: Stone Arrow
   604 | D:1      | Found Qopal's Antique Armour Boutique.
   619 | D:1      | Found Vudel's Book Shoppe.
   704 | D:1      | Bought a scroll of identify for 26 gold pieces
   931 | D:2      | Noticed Robin
  1231 | D:2      | HP: 3/19 [Robin/+1 falchion of draining (7)]
  1232 | D:2      | Slain by a goblin

Vanquished Creatures
  A gnoll (D:1)
  An adder (D:2)
  A worm (D:2)
  2 bats
  2 endoplasms (D:1)
  2 giant cockroaches
  4 goblins
  2 hobgoblins
  4 ball pythons
  4 frilled lizards
  2 rats (D:1)
25 creatures vanquished.

Table legend:
 A = Non-vault XP
 B = Vault XP
 C = Vault XP percentage of total XP
 D = Non-vault monster count
 E = Vault monster count
 F = Vault count percentage of total count
                 A         B        C        D         E       F
            +---------+---------+-------+---------+---------+-------
      Total |      45 |      21 |  31.8 |      20 |       5 |  20.0
            +---------+---------+-------+---------+---------+-------
        D:1 |      22 |      15 |  40.5 |      14 |       1 |   6.7
        D:2 |      23 |       6 |  20.7 |       6 |       4 |  40.0
            +---------+---------+-------+---------+---------+-------

Skill      XL: |  1  2 |
---------------+-------+-----
Earth Magic    | 4 |  4.5
Dodging        | |  1.5
Stealth        | |  2.1
Spellcasting   | |  2.8
Conjurations   | |  0.9
Transmutations | |  0.7

Action                     || total
---------------------------++-------
   Fire: Sling             ||    22
   Cast: Sandblast         ||    32
    Use: Scroll            ||     3
         Potion            ||     2
 Armour: Robe              ||     9
  Dodge: Dodged            ||    10

Illustrated notes

Table legend:
 A = Kills in this place as a percentage of kills in the entire game.
 B = Kills by you in this place as a percentage of kills by you in the entire game.
 C = Kills by friends in this place as a percentage of kills by friends in the entire game.
 D = Other kills in this place as a percentage of other kills in the entire game.
 E = Experience gained in this place as a percentage of experience gained in the entire game.
 F = Experience gained in this place divided by the number of levels of this place that you have seen.
                   A       B       C       D       E      F
               +-------+-------+-------+-------+-------+----------------------
         Total | 100.0 | 100.0 |   N/A |   N/A | 100.0 |  33.0
       Dungeon | 100.0 | 100.0 |   N/A |   N/A | 100.0 |  33.0
               +-------+-------+-------+-------+-------+----------------------

Table legend: (Time is in decaauts)
 A = Elapsed time spent in this place.
 B = Non-inter-level travel time spent in this place.
 C = Inter-level travel time spent in this place.
 D = Time resting spent in this place.
 E = Time spent auto-exploring this place.
 F = Levels seen in this place.
 G = Mean time per level.
                   A        B        C        D        E       F      G
               +--------+--------+--------+--------+--------+-----+--------+
         Total |   1256 |   1164 |     92 |     76 |    830 |   2 |  628.0 |
       Dungeon |   1256 |   1164 |     92 |     76 |    830 |   2 |  628.0 |
               +--------+--------+--------+--------+--------+-----+--------+

Top non-repeatable levels by time:
     D:1: 870 daAuts
     D:2: 386 daAuts
